 Dungeon Crawl Stone Soup version 0.21-a0-625-g1119ec1 (webtiles) character file.

4912 slowboat the Carver (level 10, -1/63 (64) HPs)
             Began as a Tengu Chaos Knight on Dec 24, 2017.
             Slain by a quasit (2 damage)
             ... on level 11 of the Dungeon.
             The game lasted 00:30:37 (9615 turns).

slowboat the Carver (Tengu Chaos Knight)            Turns: 9615, Time: 00:30:38

HP:   -1/63 (64)    AC: 13    Str: 14    XL:     10   Next: 51%
MP:   11/11         EV:  7    Int: 12    God:    Xom [...*..]
Gold: 359           SH:  5    Dex: 16    Spells: 7/9 levels left

rFire    . . .     SeeInvis +   o - +3 long sword (chaos)
rCold    . . .     Gourm    .   b - +1 buckler {reflect}
rNeg     . . .     Faith    .   p - +1 chain mail
rPois    .         Spirit   .   (helmet restricted)
rElec    .         Reflect  +   N - +0 cloak
rCorr    .         Harm     .   (no gloves)
MR       .....     Rnd*Rage +   (boots unavailable)
Stlth    ..........             (no amulet)
HPRegen  0.20/turn              I - ring of see invisible
MPRegen  0.12/turn              (no ring)

@: very slightly contaminated
A: beak, talons 3, camouflage 1, agile 1, berserk 1, weak 1, able to fly 1
a: Fly, Renounce Religion


You were on level 11 of the Dungeon.
You worshipped Xom.
You were a favourite toy of Xom.
You were hungry.

You visited 1 branch of the dungeon, and saw 11 of its levels.
You also visited: Sewer.

You collected 359 gold pieces.

Inventory:

Hand Weapons
 e - a +0 morningstar
 i - a +0 hunting sling
 o - a +3 long sword of chaos (weapon)
 z - a +0 shortbow
 A - a +1 scimitar of protection
Missiles
 f - 157 stones
 v - 10 poisoned needles
 B - 64 arrows
 E - 5 steel tomahawks (quivered)
Armour
 b - a +1 buckler of reflection (worn)
 p - a +1 chain mail (worn)
 q - a +0 scale mail
 s - a cursed +0 helmet
 w - a +0 plate armour
 G - a +0 troll leather armour
 N - a +0 cloak (worn)
Magical Staves
 m - an uncursed staff of wizardry
 F - an uncursed staff of conjuration {unknown}
Jewellery
 g - the ring of Arphoiq {Ice rN+ Dex+5, unknown}
   (You found it on level 11 of the Dungeon)

   [ring of ice]

   It enhances your ice magic.
   It affects your dexterity (+5).
   It makes you vulnerable to fire.
   It protects you from cold.
   It protects you from negative energy.
 I - a ring of see invisible (left hand)
Wands
 j - a wand of polymorph (16)
 l - a wand of digging (19)
 n - a wand of iceblast (10)
 x - a wand of acid (5)
 D - a wand of clouds (6)
 J - a wand of random effects (26)
Scrolls
 h - a scroll of fog
 u - 6 scrolls of remove curse
 C - a scroll of enchant armour
 M - 3 scrolls of identify
Potions
 a - a potion of brilliance
 d - 4 potions of flight
 k - a potion of degeneration
Books
 y - a book of Minor Magic

   Spells                             Type                      Level
   a - Magic Dart                     Conjuration                  1
   b - Blink                          Translocation                2
   c - Call Imp                       Summoning                    2
   d - Slow                           Hexes                        2
   e - Conjure Flame                  Conjuration/Fire             3
   f - Mephitic Cloud                 Conjuration/Poison/Air       3
 H - a book of Callings

   Spells                             Type                      Level
   a - Summon Small Mammal            Summoning                    1
   b - Call Imp                       Summoning                    2
   c - Call Canine Familiar           Summoning                    3
   d - Summon Guardian Golem          Hexes/Summoning              3
   e - Summon Lightning Spire         Summoning/Air                4
   f - Summon Ice Beast               Ice/Summoning                4
Comestibles
 c - 5 rations


   Skills:
 * Level 8.0 Fighting
 * Level 12.0 Long Blades
 * Level 8.2 Armour
 - Level 2.2 Dodging
 - Level 1.6 Shields


You had 7 spell levels left.
You knew the following spells:

 Your Spells              Type           Power        Failure   Level  Hunger
a - Blink                 Tloc           N/A          100%        2    ###....


Dungeon Overview and Level Annotations

Branches:
Dungeon (11/15)
 Temple: D:4-7         Lair: D:8-11         Orc: D:9-12

Altars:
Hepliaklqana
Nemelex Xobeh
Xom

Shops:
D:7 [

Annotations:
D:6 Regeox's ghost, novice HOFi
D:8 Prince Ribbit; slowboat's ghost, novice DsMo
D:10 unforgiven's ghost, novice SpEn


Innate Abilities, Weirdness & Mutations

You have a beak for a mouth.
You have claws for feet.
You can fly.
Your skin changes colour to match your surroundings (Stealth+).
You are agile. (Dex +2)
You tend to lose your temper in combat.
You are weak. (Str -2)


Message History

Items here: ( ) †† a short sword; a stone; a kobold corpse x2
The cyclops barely misses you.
You riposte.
You hit the cyclops. You freeze the cyclops. You claw the cyclops.
You peck the cyclops.
The cyclops is lightly wounded.
The quasit barely misses you.
The quasit claws you but does no damage.
You block the quasit's attack. The quasit barely misses you.
You block the quasit's attack. The quasit claws you.
* * * LOW HITPOINT WARNING * * *
The hound bites you.
* * * LOW HITPOINT WARNING * * *
The quasit barely misses you.
The quasit claws you but does no damage.
You block the quasit's attack. The hound bites you.
* * * LOW HITPOINT WARNING * * *
The quasit bites you but does no damage.
You block the quasit's attack. The quasit claws you.
You die...
Xom chuckles heartily!

....... #.....†..#.......
.....§K #..#..#..#..#..#.
#5J§.§##### #.(#### ##..##
#..§.#§§#$.#.(#.)# .#..#.
#.§§§§§#........# ......
#..§§C###......###......
#.§§§§5...###.....h.##
##.§§§5h...#..oTZ....#
###...@#.$#.?#h..#..# ..
........# #####...#### #
...######.#...# #..#...#..#
. .......<#.#....
#.........# .
....#...#.#.....
##.......###≈ .
#.....#...........#.......
#.....##.........#........
.###....#########...#####†#
........###############..>.


You could see a cyclops, a hound, a quasit and a crimson imp.

Vanquished Creatures
  Pikel (D:9)
  A kobold demonologist (D:11)
  A troll (D:11)
  A slime creature (D:11)
  A hippogriff (D:11)
  A spriggan (D:7)
  A hungry ghost (D:9)
  A water moccasin (D:5)
  2 ice beasts (D:9)
  2 slaves (D:9)
  2 black bears
  3 sky beasts
  5 orc warriors
  A necrophage (D:7)
  A boggart (D:4)
  3 centaurs
  A big kobold (D:7)
  4 bullfrogs
  Dowan (D:4)
  5 killer bees
  3 scorpions
  7 howler monkeys
  A crimson imp (D:9)
  3 hounds
  A bullfrog zombie (D:7)
  A jelly (D:6)
  4 orc wizards
  3 orc priests
  A gnoll shaman (D:5)
  2 iguanas
  2 worker ants
  A hound skeleton (D:4)
  A worker ant zombie (D:11)
  12 adders
  4 gnolls (D:4)
  2 shadow imps
  3 adder skeletons
  2 worms
  A dart slug (D:3)
  4 leopard geckos
  38 orcs
  8 ball pythons
  10 giant cockroaches
  4 goblins (D:2)
  10 hobgoblins
  12 jackals
  6 quokkas
  7 bats
  4 frilled lizards
  26 kobolds
  A quokka skeleton (D:4)
  3 rats
  A plant (Sewer)
226 creatures vanquished.

Vanquished Creatures (collateral kills)
  An orc wizard (D:6)
  An orc (D:6)
  A ball python (Sewer)
3 creatures vanquished.

Vanquished Creatures (others)
  A slave (D:9)
  2 plants (Sewer)
3 creatures vanquished.

Grand Total: 232 creatures vanquished

Notes
Turn   | Place    | Note
-------+----------+-------------------------------------------
     0 | D:1      | slowboat the Tengu Chaos Knight began the quest for the Orb.
     0 | D:1      | Reached XP level 1. HP: 14/14 MP: 2/2
   325 | D:1      | Reached XP level 2. HP: 19/19 MP: 3/3
   350 | D:1      | XOM: harmless Fire miscast
   564 | D:1      | XOM: cloud trail
   748 | D:1      | XOM: cast spell 'Olgreb's Toxic Radiance'
   750 | D:1      | Reached skill level 4 in Long Blades
  1083 | D:2      | XOM: divination: magic mapping
  1093 | D:2      | Reached XP level 3. HP: 22/23 MP: 4/4
  1233 | D:2      | Reached skill level 5 in Long Blades
  1284 | D:2      | XOM: butterfly on damage
  1525 | D:2      | XOM: harmless Chrm miscast
  1574 | D:2      | Reached XP level 4. HP: 24/28 MP: 5/5
  1757 | D:2      | XOM: medium Ice miscast
  1760 | D:3      | Noticed an ogre
  2074 | D:2      | XOM: silly message
  2176 | D:2      | XOM: harmless Erth miscast
  2474 | D:2      | XOM: cloud trail
  2564 | D:2      | XOM: 3-stop teleportation journey
  2988 | D:3      | XOM: 8-stop teleportation journey
  3001 | D:3      | XOM: scenery: create altars
  3037 | D:3      | XOM: smoke on damage
  3162 | D:3      | XOM: god gift: long glowing staff {god gift}
  3417 | D:3      | XOM: god gift: runed long sword {god gift}
  3464 | D:3      | Gained mutation: You can fly. [Tengu growth]
  3464 | D:3      | Reached XP level 5. HP: 16/34 MP: 6/6
  3648 | D:3      | XOM: divination: detect creatures
  3730 | D:4      | XOM: confuse monster(s)
  3914 | D:4      | Found a glowing drain.
  3993 | Sewer    | Entered a sewer
  4420 | Sewer    | XOM: divination: detect items
  4535 | Sewer    | XOM: 6-stop teleportation journey
  4666 | D:4      | Reached XP level 6. HP: 39/39 MP: 7/7
  4834 | D:4      | XOM: god gift: runed buckler {god gift}
  4850 | D:5      | Entered Level 5 of the Dungeon
  4868 | D:4      | XOM: 2-stop teleportation journey
  4920 | D:4      | XOM: cast spell 'Summon Hydra'
  5195 | D:4      | Noticed Duvessa
  5195 | D:4      | Noticed Dowan
  5197 | D:4      | Noticed Duvessa
  5197 | D:4      | Duvessa changed into Duvessa the boggart
  5197 | D:4      | XOM: polymorph Duvessa -> Duvessa the boggart
  5199 | D:4      | Killed Dowan
  5201 | D:4      | Killed Duvessa the boggart
  5201 | D:4      | Reached skill level 1 in Shields
  5201 | D:4      | Reached XP level 7. HP: 44/44 MP: 8/8
  5254 | D:4      | XOM: scenery: create altars
  5264 | D:4      | XOM: scenery: create altars
  5366 | D:4      | XOM: give mutations
  5366 | D:4      | Gained mutation: Your skin changes colour to match your surroundings (Stealth+). [Xom's grace]
  5366 | D:4      | Gained mutation: You are agile. (Dex +2) [Xom's grace]
  5386 | D:4      | Reached skill level 6 in Long Blades
  5468 | D:4      | Reached skill level 5 in Fighting
  5638 | D:5      | XOM: potion effect (invisibility)
  5641 | D:5      | Reached skill level 7 in Long Blades
  5672 | D:5      | XOM: god gift: scroll labeled KAIFIU TECKECW {god gift}
  5741 | D:5      | Found a sparkling altar of Nemelex Xobeh.
  5842 | D:6      | XOM: 2-stop teleportation journey
  5843 | D:6      | Noticed Regeox's ghost (novice HOFi)
  5873 | D:6      | Reached XP level 8. HP: 50/50 MP: 9/9
  6037 | D:7      | XOM: silly message
  6280 | D:8      | XOM: harmless Fire miscast
  6434 | D:8      | Reached skill level 8 in Long Blades
  6754 | D:8      | XOM: potion effect (haste)
  6799 | D:8      | XOM: harmless Air miscast
  6873 | D:8      | XOM: harmless Ice miscast
  7021 | D:8      | Noticed Prince Ribbit
  7067 | D:7      | Reached skill level 9 in Long Blades
  7190 | D:7      | Found a sparkling altar of Nemelex Xobeh.
  7208 | D:7      | Found a snail-covered altar of Cheibriados.
  7208 | D:7      | Found a shattered altar of Ashenzari.
  7210 | D:7      | Found a deep blue altar of Sif Muna.
  7210 | D:7      | Found a glowing silver altar of Zin.
  7210 | D:7      | Found a shimmering altar of Xom.
  7298 | D:7      | HP: 2/52 [orc warrior/dire flail (18)]
  7300 | D:7      | Reached skill level 5 in Armour
  7344 | D:7      | Reached XP level 9. HP: 21/56 MP: 10/10
  7566 | D:7      | Found a hazy altar of Hepliaklqana.
  7718 | D:7      | Found Ischidio's Antique Armour Boutique.
  7819 | D:8      | Learned a level 2 spell: Blink
  7827 | D:8      | XOM: polymorph orc warrior -> sky beast
  7918 | D:8      | Noticed slowboat's ghost (novice DsMo)
  8056 | D:7      | XOM: cleaving
  8059 | D:7      | Reached skill level 10 in Long Blades
  8077 | D:7      | XOM: severe Necr miscast
  8163 | D:7      | XOM: give mutations
  8163 | D:7      | Gained mutation: You are weak. (Str -2) [Xom's mischief]
  8163 | D:7      | Gained mutation: You tend to lose your temper in combat. [Xom's mischief]
  8367 | D:8      | Noticed a two-headed ogre
  8367 | D:8      | XOM: smoke on damage
  8374 | D:9      | XOM: repel stairs
  8502 | D:9      | XOM: enchant monster (bad)
  8503 | D:9      | XOM: silly message
  8625 | D:9      | XOM: polymorph slave -> black bear
  8642 | D:9      | XOM: enchant monster (good)
  8658 | D:9      | Noticed Pikel
  8671 | D:9      | XOM: enchant monster (bad)
  8677 | D:9      | XOM: harmless Air miscast
  8681 | D:9      | Killed Pikel
  8681 | D:9      | Reached skill level 11 in Long Blades
  8681 | D:9      | Reached XP level 10. HP: 41/63 MP: 11/11
  8890 | D:9      | XOM: mild Erth miscast
  9032 | D:9      | XOM: potion effect (might)
  9104 | D:10     | Entered Level 10 of the Dungeon
  9343 | D:10     | Noticed unforgiven's ghost (novice SpEn)
  9350 | D:10     | XOM: confusion
  9356 | D:10     | XOM: summons 4 friendly demons
  9381 | D:10     | XOM: divination: magic mapping
  9468 | D:11     | XOM: mild Air miscast
  9505 | D:11     | XOM: give mutations
  9505 | D:11     | Gained mutation: You are resistant to electric shocks. (rElec) [Xom's mischief]
  9505 | D:11     | Lost mutation: You are resistant to electric shocks. (rElec) [Xom's mischief]
  9570 | D:11     | XOM: noise
  9588 | D:11     | Got a sparkling marble ring
  9593 | D:11     | Noticed a kobold demonologist
  9594 | D:11     | Noticed a cyclops
  9598 | D:11     | Noticed a rust devil
  9599 | D:11     | Killed a kobold demonologist
  9603 | D:11     | Reached skill level 12 in Long Blades
  9606 | D:11     | XOM: mild Necr miscast
  9614 | D:11     | HP: 3/63 [hound (3)]
  9614 | D:11     | HP: 1/63 [hound (2)]
  9615 | D:11     | Slain by a quasit

Vault maps used:
D:1:      minmay_arrival_diagonal_passages
D:2:      first_ration
D:4:      nicolae_ossuary_entry_monument, gup_sewer_entry_pipe, uniq_duvessa,
          uniq_menkaure
D:5:      lemuel_blue_sif_altar, basic_altar, kennysheep_pointless_box,
          minmay_bent
D:6:      minmay_temple_entry_grid
D:7:      serial_shops, nicolae_shop_competitors_out_of_business, basic_altar,
          the_bakery, doesnt_xom_only_xom
D:8:      uniq_prince_ribbit1
D:9:      uniq_pikel
D:10:     serial_corexii_hall, corexii_hall_statues_i, corexii_hall_statues_s,
          serial_shops, shop, minivault_24
D:11:     hangedman_cross_cluster, lair_entry_dummy
Sewer:    sewer_co_scattered_pipes

Skill      XL: |  1  2  3  4  5  6  7  8  9 10 |
---------------+-------------------------------+-----
Long Blades    | 4 5 7 9 11 12 | 12.0
Fighting       | 4 5 6 7 8 |  8.0
Armour         | 3 4 5 7 8 |  8.2
Dodging        | 2 |  2.2
Shields        | 1 |  1.6

Action                   |  1- 3 |  4- 6 |  7- 9 | 10-12 || total
-------------------------+-------+-------+-------+-------++-------
Melee: Falchion          |    56 |    64 |       |       ||   120
       Kick              |    10 |    37 |    61 |    25 ||   133
       Peck              |     8 |    30 |    54 |    15 ||   107
       Hand axe          |     9 |       |       |       ||     9
       Long sword        |       |   151 |   244 |    68 ||   463
 Fire: Hunting sling     |       |     4 |       |       ||     4
       Blowgun           |       |     6 |       |       ||     6
Throw: Stone             |       |     3 |     3 |       ||     6
       Tomahawk          |       |       |     9 |     3 ||    12
 Abil: Fly               |       |     1 |       |       ||     1
  Use: Scroll            |     3 |     7 |     7 |     5 ||    22
       Potion            |     1 |     7 |     5 |     5 ||    18
 Stab: Sleeping          |     2 |       |       |       ||     2
       Petrified         |       |     4 |       |       ||     4
       Invisible         |       |       |     4 |       ||     4
  Eat: Chunk             |     1 |     2 |     1 |       ||     4
       Ration            |     1 |     3 |     3 |       ||     7
Armor: Leather armour    |    22 |    23 |       |       ||    45
       Skin              |       |    18 |       |       ||    18
       Chain mail        |       |    79 |   117 |    90 ||   286
Dodge: Dodged            |    30 |   104 |    62 |    63 ||   259
Block: Buckler           |       |     2 |    57 |    36 ||    95
       Reflection        |       |       |     4 |       ||     4
       Rpst.: Falchion   |     8 |    12 |       |       ||    20
       Long sword        |       |    17 |    18 |    13 ||    48

Table legend:
 A = Spawn XP
 B = Non-spawn XP
 C = Spawn XP percentage of total XP
 D = Spawn monster count
 E = Non-spawn monster count
 F = Spawn count percentage of total count
 G = Total turns spent on level
                    A         B        C        D         E        F      G
               +---------+---------+-------+---------+---------+-------+---------
         Total |       0 |    7018 |   0.0 |       0 |     225 |   0.0 |  9615
               +---------+---------+-------+---------+---------+-------+---------
           D:1 |       0 |      18 |   0.0 |       0 |      12 |   0.0 |   975
           D:2 |       0 |      82 |   0.0 |       0 |      28 |   0.0 |  1572
           D:3 |       0 |      69 |   0.0 |       0 |      18 |   0.0 |  1117
           D:4 |       0 |     465 |   0.0 |       0 |      30 |   0.0 |  1309
           D:5 |       0 |     459 |   0.0 |       0 |      16 |   0.0 |   266
           D:6 |       0 |     126 |   0.0 |       0 |       5 |   0.0 |   132
           D:7 |       0 |    1561 |   0.0 |       0 |      35 |   0.0 |  1529
           D:8 |       0 |     679 |   0.0 |       0 |      21 |   0.0 |   862
           D:9 |       0 |    1792 |   0.0 |       0 |      24 |   0.0 |   741
          D:10 |       0 |     118 |   0.0 |       0 |       1 |   0.0 |   290
          D:11 |       0 |    1595 |   0.0 |       0 |      16 |   0.0 |   221
         Sewer |       0 |      54 |   0.0 |       0 |      19 |   0.0 |   601
               +---------+---------+-------+---------+---------+-------+---------
